 Dungeon Crawl Stone Soup version 0.27-a0-1188-g73eefd5def (webtiles) character file.

Game seed: 10711384009574331537

7521 bisexualwizard the Severer (level 11, -4/93 HPs)
             Began as a Hill Orc Monk on May 21, 2021.
             Was a Believer of Yredelemnul.
             Slain by a killer bee (11 damage)
             ... on level 1 of the Lair of Beasts.
             The game lasted 00:24:33 (11894 turns).

bisexualwizard the Severer (Hill Orc Monk)         Turns: 11894, Time: 00:24:33

Health: -4/93      AC:  9    Str: 18    XL:     11   Next: 16%
Magic:  13/13      EV: 11    Int: 10    God:    Yredelemnul [**....]
Gold:   489        SH:  0    Dex: 13    Spells: 10/10 levels left

rFire    . . .     SeeInvis .   b - +2 executioner's axe (venom)
rCold    . . .     Faith    .   (shield currently unavailable)
rNeg     . . .     Spirit   .   r - +1 ring mail of Chill Winds {Regen+ Slay+3}
rPois    .         Reflect  .   i - +1 helmet
rElec    .         Harm     .   d - scarf {shadows}
rCorr    .         Rampage  .   (no gloves)
Will     .....                  (no boots)
Stlth    +.........             (no amulet)
HPRegen  1.25/turn              (no ring)
MPRegen  0.13/turn              (no ring)

@: lethally poisoned (-4 -> -5), about to teleport
A: no striking features
a: Renounce Religion, Animate Remains, Recall Undead Slaves, Injury Mirror


You were on level 1 of the Lair of Beasts.
You worshipped Yredelemnul.
Yredelemnul was pleased with you.
You visited 3 branches of the dungeon, and saw 10 of its levels.

You collected 489 gold pieces.

Inventory:

Hand Weapons
 b - a +2 executioner's axe of venom (weapon)
 z - the +8 battleaxe "Xoxatyci" {holy, rN++ Will+ Stlth-}
   (You acquired it on level 6 of the Dungeon)

   It has been blessed by the Shining One to cause great damage to the undead
   and demons.
   It greatly protects you from negative energy.
   It increases your willpower.
   It makes you less stealthy.
   Yredelemnul disapproves of the use of such an item.
Missiles
 k - 53 poisoned darts (quivered)
Armour
 c - +0 steam dragon scales
 d - a scarf of shadows (worn)
 f - a +1 ring mail
 i - a +1 helmet (worn)
 r - the +1 ring mail of Chill Winds (worn) {Regen+ Slay+3}
   (You found it on level 8 of the Dungeon)

   It affects your accuracy and damage with ranged weapons and melee attacks
   (+3).
   It increases your rate of health regeneration.
Jewellery
 B - a ring of wizardry
 C - a ring of ice
Wands
 n - a wand of polymorph (9)
 t - a wand of digging (13)
 y - a wand of iceblast (14)
 D - a wand of mindburst (12)
 E - a wand of acid (10)
 F - a wand of paralysis (7)
Scrolls
 a - a scroll of fear {unknown}
 e - a scroll of fog {unknown}
 g - a scroll of magic mapping
 h - a scroll of noise {unknown}
 j - a scroll of enchant weapon {unknown}
 l - a scroll of immolation {unknown}
 p - a scroll of teleportation
 q - a scroll of blinking {unknown}
 u - a scroll of vulnerability
 v - 2 scrolls of amnesia
 G - 2 scrolls of identify
Potions
 m - a potion of invisibility {unknown}
 o - 2 potions of ambrosia
 s - a potion of flight
 w - 2 potions of curing
 x - a potion of brilliance


   Skills:
 + Level 7.7 Fighting
 * Level 17.6 Axes
 + Level 0.3 Throwing
 + Level 6.7 Armour
 - Level 2.5 Dodging
 - Level 1.5 Stealth
 + Level 2.9 Invocations


You had 10 spell levels left.
You didn't know any spells.
Your spell library contained the following spells:

 Spells                   Type           Power      Damage    Failure   Level
 Sandblast                Erth           0%         2d4       54%         1
 Summon Small Mammal      Summ           0%         N/A       54%         1
 Call Imp                 Summ           0%         N/A       67%         2
 Passwall                 Tmut/Erth      0%         N/A       67%         2
 Call Canine Familiar     Summ           0%         N/A       88%         3
 Stone Arrow              Conj/Erth      0%         3d7       88%         3
 Summon Guardian Golem    Hex/Summ       0%         N/A       88%         3
 Petrify                  Tmut/Erth      0%         N/A       99%         4
 Summon Ice Beast         Ice/Summ       0%         N/A       99%         4
 Summon Lightning Spire   Summ/Air       0%         N/A       99%         4
 Lee's Rapid Deconstruct  Erth           0%         3d5*      100%        5


Dungeon Overview and Level Annotations

Branches:
Dungeon (8/15)             Temple (1/1) D:7            Lair (1/6) D:8

Altars:
Ashenzari
Cheibriados
Dithmenos
Fedhas
Hepliaklqana
Kikubaaqudgha
Makhleb
Qazlal
Ru
Trog
Uskayaw
Wu Jian
Xom
Yredelemnul

Annotations:
D:5 1 runed translucent door, leviel's ghost, amateur MiMo
D:7 2 runed translucent doors, mandarbmax's ghost, novice TrMo


Message History

Your killer bee zombie completely misses the killer bee.
The killer bee stings your killer bee zombie!
Your killer bee zombie is destroyed!
You hear an angry buzzing noise.
The killer bee barely misses you.
You are too injured to fight recklessly!
You are too injured to fight recklessly!
You miss the killer bee.
The killer bee stings you but does no damage.
You hear an angry buzzing noise.
You slice the queen bee!!
The queen bee looks as sick as possible!
The queen bee is severely wounded.
You closely miss the killer bee.
You hear an angry buzzing noise.
You kill the queen bee!
Yredelemnul accepts your kill.
The killer bee stings you but does no damage. x2
The killer bee stings you. The killer bee barely misses you.
You barely miss the killer bee. You closely miss the killer bee.
The killer bee stings you! The killer bee closely misses you.
The killer bee stings you.
The killer bee stings you but does no damage. x2
The killer bee stings you.
Unknown command.
As you read the scroll of teleportation, it crumbles to dust.
You feel strangely unstable. The killer bee stings you!
* * * LOW HITPOINT WARNING * * *
You are poisoned.
The killer bee poisons you! The killer bee stings you.
* * * LOW HITPOINT WARNING * * *
The killer bee closely misses you. The killer bee barely misses you.
The killer bee stings you.
* * * LOW HITPOINT WARNING * * *
You hear an angry buzzing noise.
You feel very sick. The killer bee barely misses you.
The killer bee closely misses you.
You feel sick. The killer bee stings you!
You die...
Your body rises from the dead as a mindless zombie.

#..#..........##.
###.##..###.......#
#..###..# ##.....P##
##Z.##.####........#
##.###.##...(......#
#.## #..............
#.####..............
##..##.#####........
##@# .## ####...##
#.y# ..## ##..#
##.##...# #..#
#yyy..## ##..##
###y...######....#
#.#.....#P.......
..y ..............
....y ..............
..###.
#.............


You could see 3 killer bees.

Vanquished Creatures
  A two-headed ogre (D:8)
  Pikel (D:6)
  An ugly thing (D:7)
  Maggie (D:6)
  2 cane toads
  A komodo dragon (D:8)
  A queen bee (Lair:1)
  Grinder (D:3)
  Sigmund (D:3)
  A vampire (D:8)
  Menkaure (D:6)
  2 wargs (D:7)
  4 water moccasins
  An orc warrior (D:7)
  2 ice beasts (D:6)
  2 black bears (D:8)
  A sky beast (D:6)
  4 necrophages
  2 ogres
  A phantom (D:4)
  A kobold brigand (D:8)
  Blork the orc (D:6)
  A scorpion (D:5)
  12 killer bees (Lair:1)
  A water moccasin skeleton (D:7)
  14 wights
  3 howler monkeys
  A centaur zombie (D:7)
  2 hounds (D:5)
  A jelly (D:6)
  5 orc priests
  2 bullfrog skeletons
  An iguana (D:4)
  Natasha (thrice) (D:4)
  9 orc wizards
  A killer bee zombie (D:7)
  A hound zombie (D:5)
  6 gnolls
  8 adders
  An ufetubus (D:5)
  2 adder skeletons (D:4)
  A worm (D:2)
  A dart slug (D:4)
  20 orcs
  9 ball pythons
  11 endoplasms
  2 giant cockroaches
  A goblin (D:3)
  13 hobgoblins
  11 jackals
  6 quokkas
  7 bats
  8 frilled lizards
  15 kobolds
  6 rats
218 creatures vanquished.

Vanquished Creatures (others)
  A cane toad zombie (Lair:1)
  A black bear zombie (D:8)
  An adder zombie (Lair:1)
  A howler monkey zombie (D:8)
  3 killer bee zombies (Lair:1)
  2 kobold zombies (D:8)
  An orc zombie (D:8)
  A fungus (Lair:1)
11 creatures vanquished.

Grand Total: 229 creatures vanquished

Notes
Turn   | Place    | Note
-------+----------+-------------------------------------------
     0 | D:1      | bisexualwizard the Hill Orc Monk began the quest for the
                  | Orb.
     0 | D:1      | Reached XP level 1. HP: 19/19 MP: 1/1
   260 | D:1      | Reached XP level 2. HP: 20/27 MP: 2/2
   736 | D:1      | Reached skill level 5 in Axes
   905 | D:1      | Found a faded altar of an unknown god.
   961 | D:1      | Reached XP level 3. HP: 33/33 MP: 3/3
  1911 | D:1      | Reached skill level 6 in Axes
  1914 | D:1      | Reached XP level 4. HP: 29/40 MP: 4/4
  2547 | D:2      | Reached skill level 1 in Armour
  2820 | D:3      | Noticed Grinder
  3134 | D:3      | Noticed Sigmund
  3469 | D:4      | Noticed a phantom
  3469 | D:4      | Noticed a necrophage
  3508 | D:4      | Identified a scroll of acquirement
  3508 | D:4      | Acquired a +2 executioner's axe of venom
  3515 | D:4      | Killed a phantom
  3516 | D:4      | Reached skill level 7 in Axes
  3516 | D:4      | Reached XP level 5. HP: 10/46 MP: 5/5
  3520 | D:4      | Killed a necrophage
  3521 | D:4      | Reached XP level 6. HP: 13/52 MP: 6/6
  3807 | D:4      | Reached skill level 8 in Axes
  4236 | D:4      | Noticed Natasha
  4243 | D:4      | Killed Natasha
  4316 | D:4      | Noticed Natasha
  4321 | D:4      | Killed Natasha
  4375 | D:4      | Noticed Natasha
  4379 | D:4      | Killed Natasha
  4533 | D:4      | Noticed a necrophage
  4537 | D:4      | Killed a necrophage
  4538 | D:4      | Reached skill level 9 in Axes
  4538 | D:4      | Reached XP level 7. HP: 48/60 MP: 7/7
  4993 | D:5      | Entered Level 5 of the Dungeon
  5677 | D:5      | Noticed leviel's ghost (amateur MiMo)
  5684 | D:5      | Found a runed translucent door.
  5839 | D:5      | Reached skill level 10 in Axes
  6333 | D:5      | Reached XP level 8. HP: 55/67 MP: 8/8
  6541 | D:6      | Noticed Menkaure
  6572 | D:6      | Killed Menkaure
  6573 | D:6      | Reached skill level 11 in Axes
  6591 | D:6      | Reached skill level 5 in Fighting
  6673 | D:6      | Noticed Blork the orc
  6681 | D:6      | Killed Blork the orc
  6708 | D:6      | Reached skill level 12 in Axes
  6799 | D:6      | Noticed Pikel
  6813 | D:6      | Killed Pikel
  6814 | D:6      | Reached skill level 13 in Axes
  6814 | D:6      | Reached skill level 5 in Armour
  6814 | D:6      | Reached XP level 9. HP: 48/74 MP: 9/9
  6853 | D:6      | Found an ornate altar of the Wu Jian Council.
  7180 | D:6      | Acquired the +8 battleaxe "Xoxatyci" {holy, rN++ Will+
                  | Stlth-}
  7278 | D:6      | Noticed Maggie
  7538 | D:6      | Killed Maggie
  7914 | D:6      | Reached skill level 14 in Axes
  8224 | D:3      | Killed Sigmund
  8424 | D:3      | Killed Grinder
  8766 | D:7      | Noticed a purple ugly thing
  8781 | D:7      | Killed a purple ugly thing
  8782 | D:7      | Reached skill level 15 in Axes
  8782 | D:7      | Reached XP level 10. HP: 41/83 MP: 10/10
  9421 | D:7      | Found a staircase to the Ecumenical Temple.
  9431 | Temple   | Entered the Ecumenical Temple
  9448 | Temple   | Became a worshipper of Yredelemnul the Dark
  9448 | Temple   | Reached * piety under Yredelemnul
  9448 | Temple   | Reached ** piety under Yredelemnul
  9706 | D:7      | Found a large runed translucent door.
  9706 | D:7      | Found a large runed translucent door.
  9709 | D:7      | Noticed mandarbmax's ghost (novice TrMo)
 10719 | D:8      | Reached skill level 16 in Axes
 11100 | D:8      | Identified the +1 ring mail of Chill Winds {Regen+ Slay+3}
 11165 | D:8      | Found a staircase to the Lair.
 11461 | D:8      | Noticed a two-headed ogre
 11473 | D:8      | Killed a two-headed ogre
 11474 | D:8      | Reached skill level 1 in Invocations
 11623 | Lair:1   | Entered Level 1 of the Lair of Beasts
 11623 | Lair:1   | Found a stormy altar of Qazlal.
 11623 | Lair:1   | Noticed a cane toad
 11630 | D:8      | Killed a cane toad
 11631 | D:8      | Reached skill level 17 in Axes
 11697 | Lair:1   | Noticed a cane toad
 11705 | Lair:1   | Killed a cane toad
 11706 | Lair:1   | Reached XP level 11. HP: 72/92 MP: 12/12
 11894 | Lair:1   | Slain by a killer bee

Illustrated notes

Levels and vault maps discovered:
D:1:      dpeg_arrival_fog, layout_basic,
          shapermc_ecumenical_altar_mp_highgroup, minmay_strange_pillars,
          grunt_decor_one_mirror, minivault_25
D:2:      layout_basic
D:3:      layout_loops_ring, uniq_sigmund, uniq_grinder
D:4:      minmay_chambers_of_threes, layout_basic, uniq_natasha
D:5:      layout_gridville, hellmonk_ghost_happy_afterlife,
          minmay_misc_feat_hallway, amcnicky_mini_corridor_feature,
          grunt_decor_fettered, hangedman_decor_clover_reticule,
          hangedman_decor_diamond_cutter
D:6:      layout_cave_pools, kennysheep_mini_moat, uniq_blork_the_orc,
          uniq_pikel, uniq_maggie, uniq_menkaure
D:7:      layout_cave_pods, minmay_temple_entry_sparse_star,
          ebering_ghost_disaster_area, amethyst_killhole, minmay_crystal_water
D:8:      layout_gridville, erik_lair_orcish_takeover, corner_web_ring
Temple:   dpeg_three_leaves_temple
Lair:1:   minmay_guarded_unrand_snakebite, layout_cave_pods, special_room
          [special_room_bee], basic_altar, patterned_corridor,
          minmay_lair_oklob_chamber, serial_bayou_shore_a

Skill      XL: |  1  2  3  4  5  6  7  8  9 10 |
---------------+-------------------------------+-----
Axes           | 5 6 7 9 10 13 15 17 | 17.6
Armour         | 1 2 3 5 6 |  6.7
Fighting       | 4 5 6 7 |  7.7
Invocations    | 2 |  2.9
Throwing       | |  0.3
Dodging        | |  2.5
Stealth        | |  1.5

Action                   |  1- 3 |  4- 6 |  7- 9 | 10-12 || total
-------------------------+-------+-------+-------+-------++-------
Melee: Hand axe          |   160 |   114 |       |       ||   274
       Executioner's axe |       |    48 |   109 |   134 ||   291
       Battleaxe         |       |       |    67 |    21 ||    88
Throw: Dart              |       |       |     2 |     2 ||     4
Invok: Animate Remains   |       |       |       |    13 ||    13
       Injury Mirror     |       |       |       |     2 ||     2
  Use: Scroll            |     1 |     3 |     1 |     7 ||    12
       Potion            |       |     2 |     4 |     2 ||     8
 Stab: Sleeping          |     1 |       |       |       ||     1
Armor: Robe              |    14 |       |       |       ||    14
       Ring mail         |    46 |    57 |    60 |    53 ||   216
       Steam dragon scal |       |       |     8 |    23 ||    31
Dodge: Dodged            |    99 |    95 |   104 |   138 ||   436

Table legend: (Time is in decaauts)
 A = Elapsed time spent in this place.
 B = Non-inter-level travel time spent in this place.
 C = Inter-level travel time spent in this place.
 D = Time resting spent in this place.
 E = Time spent auto-exploring this place.
 F = Levels seen in this place.
 G = Mean time per level.
                   A        B        C        D        E       F      G
               +--------+--------+--------+--------+--------+-----+--------+
         Total |  12093 |  11752 |    341 |   3559 |   6237 |  10 | 1209.3 |
       Dungeon |  11845 |  11516 |    329 |   3521 |   6150 |   8 | 1480.6 |
        Temple |     31 |     19 |     12 |      0 |      0 |   1 |   31.0 |
          Lair |    216 |    216 |      0 |     38 |     87 |   1 |  216.0 |
               +--------+--------+--------+--------+--------+-----+--------+

Top non-repeatable levels by time:
     D:4: 2282 daAuts
     D:7: 1968 daAuts
     D:1: 1848 daAuts
     D:6: 1508 daAuts
     D:5: 1381 daAuts
     D:8: 1011 daAuts
     D:2: 941 daAuts
     D:3: 904 daAuts
  Lair:1: 216 daAuts
  Temple: 31 daAuts
